 Dungeon Crawl Stone Soup version 0.29.1-15-g9cfb28693d (webtiles) character file.

Game seed: 10522802535995233523

46 protoss039 the Digger (level 3, -7/26 HPs)
             Began as a Demonspawn Earth Elementalist on Mar 21, 2023.
             Mangled by an iguana (8 damage)
             ... on level 4 of the Dungeon.
             The game lasted 00:01:51 (1330 turns).

protoss039 the Digger (DsEE)                        Turns: 1330, Time: 00:01:53

Health: -7/26      AC:  8    Str:  8    XL:     3   Next: 46%
Magic:  6/6        EV: 10    Int: 18    God:
Gold:   28         SH:  0    Dex: 13    Spells: 4/7 levels left

rFire   . . .      SeeInvis .   j - +1 hand axe (elec)
rCold   . . .      Faith    .   (no shield)
rNeg    . . .      Spirit   .   i - +0 ring mail
rPois   .          Reflect  .   (no helmet)
rElec   .          Harm     .   (no cloak)
rCorr   .          Rampage  .   h - +0 pair of gloves
Will    .....                   (no boots)
Stlth   +.........              (no amulet)
HPRegen 0.08/turn               (no ring)
MPRegen 0.10/turn               (no ring)

@: no status effects
A: yellow scales 1, powered by pain 1
a: no special abilities


You were on level 4 of the Dungeon.
You visited 1 branch of the dungeon, and saw 3 of its levels.

You collected 28 gold pieces.

Inventory:

Hand Weapons
 j - a +1 hand axe of electrocution (weapon)
Armour
 h - a +0 pair of gloves (worn)
 i - a +0 ring mail (worn)
Scrolls
 a - a scroll of enchant armour {unknown}
 e - a scroll of magic mapping {unknown}
 f - a scroll of butterflies {unknown}
Potions
 b - a potion of magic
 c - a potion of ambrosia {unknown}
 g - a potion of attraction {unknown}


   Skills:
 + Level 1.6 Fighting
 - Level 1.7 Dodging
 - Level 1.7 Stealth
 + Level 2.6 Spellcasting
 - Level 0.8 Transmutations
 + Level 3.2 Earth Magic


You had 4 spell levels left.
You knew the following spells:

 Your Spells              Type           Power      Damage    Failure   Level
a - Sandblast             Erth           28%        2d8       14%         1
b - Passwall              Tmut/Erth      7%         N/A       34%         2

Your spell library contained the following spells:

 Spells                   Type           Power      Damage    Failure   Level
 Stone Arrow              Conj/Erth      16%        3d8       63%         3
 Petrify                  Tmut/Erth      9%         N/A       92%         4


Dungeon Overview and Level Annotations

Branches:
Dungeon (2/15) Zot: 16644

Altars:


Innate Abilities, Weirdness & Mutations

You are partially covered in yellow scales. (AC +2)
You sometimes gain a little power by taking damage.


Message History

Aiming: Sandblast (safe; 14% risk of failure)
Press: ? - help, Shift-Dir - straight line, f/p - orc
Aim: an orc, wielding a +1 hand axe of electrocution (almost dead, 82% to hit)
The blast of sand hits the orc!
You kill the orc!
An orc comes into view. It is wielding a +0 flail.
Unknown command.
Things that are here:
a +1 hand axe of electrocution; an orc corpse
j - a +1 hand axe of electrocution You hear the crackle of electricity.
j - a +1 hand axe of electrocution (weapon)
You drop a +0 dagger.
The orc misses you. The iguana bites you!
You hit the iguana.
The iguana is lightly wounded.
You barely miss the orc. The orc completely misses you. The iguana bites you.
Unknown command.
Unknown command.
You barely miss the iguana.
The iguana is lightly wounded.
You hit the orc. Lightning courses through the orc!
You kill the orc!
You barely miss the orc. The iguana bites you! The orc barely misses you.
Unknown command.
You are too injured to fight recklessly!
You are too injured to fight recklessly!
Unknown command.
You barely miss the iguana.
The iguana is lightly wounded.
You closely miss the orc. The orc barely misses you.
The iguana bites you but does no damage.
Unknown command.
You hit the iguana.
The iguana is moderately wounded.
You hit the orc but do no damage. The orc barely misses you.
The iguana bites you!
* * * LOW HITPOINT WARNING * * *
You focus on the pain.
You feel your power returning. The orc barely misses you. The iguana bites you!
You die...

...... .##..#
...... .........
...... ..... ...
.......##... ../.
...........#.....
#.........#.:...
......o)........
.. #.. #@l†...#
...##.###.##....
..........## .
..##......###
.##.....##.#
.(..........#
.....####....#
..... ##.### ....
#...#


You could see an iguana and an orc.

Vanquished Creatures
  3 dart slugs (D:1)
  2 orcs (D:4)
  3 endoplasms (D:1)
  2 goblins (D:1)
  A hobgoblin (D:4)
  4 jackals (D:1)
  3 quokkas (D:1)
  3 ball pythons
  3 bats (D:1)
  3 frilled lizards (D:1)
  5 kobolds (D:1)
  5 rats (D:1)
37 creatures vanquished.

Notes
Turn   | Place    | Note
-------+----------+-------------------------------------------
     0 | D:1      | protoss039 the Demonspawn Earth Elementalist began the
                  | quest for the Orb.
     0 | D:1      | Reached XP level 1. HP: 13/13 MP: 3/3
   390 | D:1      | Gained mutation: You sometimes gain a little power by
                  | taking damage. [demonic ancestry]
   390 | D:1      | Reached XP level 2. HP: 20/20 MP: 3/5
   487 | D:1      | Reached skill level 1 in Fighting
   488 | D:1      | Reached skill level 3 in Earth Magic
   740 | D:1      | Gained mutation: You are partially covered in yellow
                  | scales. (AC +2) [demonic ancestry]
   740 | D:1      | Reached XP level 3. HP: 26/26 MP: 3/6
  1291 | D:1      | Learned a level 2 spell: Passwall
  1309 | D:2      | You fall into a shaft and drop 2 floors!
  1330 | D:4      | HP: 1/26 [iguana (8)]
  1330 | D:4      | Mangled by an iguana

Illustrated notes

Levels and vault maps discovered:
D:1:      kennysheep_arrival_seaside, layout_basic
D:2:      layout_loops_ring, ebering_ecumenical_altar_sacrificial,
          chequers_serial_rivers_small_b
D:4:      layout_cave_pools, dreamdust_princess_corridor,
          kennysheep_generic_room_2

Skill      XL: |  1  2 |
---------------+-------+-----
Fighting       | 1 |  1.6
Earth Magic    | 3 |  3.2
Dodging        | |  1.7
Stealth        | |  1.7
Spellcasting   | |  2.6
Transmutations | |  0.8

Action                   || total
-------------------------++-------
Melee: Dagger            ||    11
       Hand axe          ||     4
 Cast: Sandblast         ||    45
Armor: Leather armour    ||    11
       Ring mail         ||     1
Dodge: Dodged            ||    23
